 Dungeon Crawl Stone Soup version 0.30.1-11-g7821555f0a (webtiles) character file.

Game seed: 17923487227798234230

1510 booth the Grappler (level 8, -7/80 HPs)
             Began as a Troll Fighter on Nov 20, 2023.
             Mangled by Duvessa
             ... wielding a +7 vampiric short sword
              (9 damage)
             ... on level 6 of the Dungeon on Nov 22, 2023.
             The game lasted 00:34:10 (5039 turns).

booth the Grappler (Troll Fighter)                  Turns: 5039, Time: 00:34:11

Health: -7/80      AC:  8    Str: 24    XL:     8   Next: 53%
Magic:  7/7        EV:  9    Int:  5    God:
Gold:   103        SH:  0    Dex: 13    Spells: 7/7 levels left

rFire   . .          .
                       - Unarmed
rCold   + . .        t - +0 kite shield "Pouth" {rC+}
rNeg    . . .        a - +0 robe
rPois   .            i - +2 hat
rElec   .            p - +0 cloak
rCorr   .            (gloves unavailable)
SInv    .            (boots unavailable)
Will    .....        (no amulet)
Stlth   +            (no ring)
HPRegen 1.13/turn    (no ring)
MPRegen 0.10/turn

%: no passive effects
@: confused, about to teleport
A: large, unfitting armour, claws 3, regeneration 1, shaggy fur 2, tough skin 1,
horns 1, agile 1
a: no special abilities


You were on level 6 of the Dungeon.
You visited 2 branches of the dungeon, and saw 7 of its levels.
You also visited: Sewer.

You collected 129 gold pieces.
You spent 26 gold pieces at shops.

Inventory:

Hand Weapons
 e - a +1 war axe
 f - a +0 mace
Missiles
 k - 4 javelins
 o - 3 boomerangs of dispersal
 r - 6 poisoned darts
 u - 2 boomerangs (quivered)
Armour
 a - a +0 robe (worn)
 i - a +2 hat (worn)
 p - a +0 cloak (worn)
 t - the +0 kite shield "Pouth" (worn) {rC+}
   (You acquired it on level 4 of the Dungeon)

   rC:        It protects you from cold.
Wands
 g - a wand of polymorph (11)
 s - a wand of roots (19)
Scrolls
 m - a scroll of poison
 v - a scroll of fear {unknown}
 w - a scroll of amnesia {unknown}
 x - a scroll of fog {unknown}
Potions
 b - a potion of brilliance
 c - a potion of might
 d - 2 potions of curing
 h - a potion of attraction
 j - a potion of heal wounds
 l - a potion of invisibility {unknown}
 n - a potion of magic {unknown}


   Skills:
 + Level 5.2 Fighting
 + Level 4.0 Throwing
 - Level 2.4 Dodging
 - Level 2.6 Shields
 * Level 8.1 Unarmed Combat


You had 7 spell levels left.
You didn't know any spells.
Your spell library contained the following spells:

 Spells                   Type           Power      Damage    Failure   Level
 Beastly Appendage        Tmut           0%         N/A       75%         1
 Magic Dart               Conj           0%         1d3       75%         1
 Searing Ray              Conj           0%         2d4       87%         2
 Wereblood                Tmut           0%         N/A       87%         2
 Gell's Gravitas          Tloc           0%         N/A       98%         3
 Spider Form              Tmut/Pois      0%         N/A       98%         3
 Summon Guardian Golem    Hex/Summ       0%         N/A       98%         3
 Teleport Other           Tloc           0%         N/A       98%         3
 Animate Dead             Necr           0%         N/A       100%        4
 Fulminant Prism          Conj/Hex       0%         3d5       100%        4
 Petrify                  Tmut/Erth      0%         N/A       100%        4
 Metabolic Englaciation   Hex/Ice        0%         N/A       100%        5
 Dispersal                Tloc           0%         N/A       100%        6
 Statue Form              Tmut/Erth      0%         N/A       100%        6
 Haunt                    Necr/Summ      0%         N/A       100%        7
 Orb of Destruction       Conj           0%         9d5       100%        7
 Spellforged Servitor     Conj/Summ      0%         N/A       100%        7
 Infestation              Necr           0%         N/A       100%        8


Dungeon Overview and Level Annotations

Branches:
Dungeon (6/15)             Temple (1/1) D:5           Sewer (visited)

Altars:
Ashenzari
Cheibriados
Dithmenos
Fedhas
Gozag
Hepliaklqana
Makhleb
Nemelex Xobeh
Okawaru
Ru
Sif Muna
Wu Jian
Xom
Zin
The Shining One

Shops:
D:4 *

Annotations:
D:6 Dowan, Duvessa


Innate Abilities, Weirdness & Mutations

You are too large for most types of armour.
You have claws for hands.
Your natural rate of healing is unusually fast.
You are covered in thick fur. (AC +2)
You have tough skin. (AC +1)
You have a pair of small horns on your head.
You are agile. (Dex +4, Str/Int -1)


Message History

Dowan casts a spell.
Dowan blinks!
Duvessa barely misses you.
You hear some strange, mumbled words.
A magic dart appears from out of thin air!
The magic dart hits you.
You bump into the rock wall.
Duvessa hits you with a +7 vampiric short sword.
Something hits you.
Duvessa hits you with a +7 vampiric short sword.
Duvessa hits you with a +7 vampiric short sword!
* * * LOW HITPOINT WARNING * * *
Things that are here:
a +0 glaive; a +0 robe Duvessa attacks as you move away!
Duvessa hits you with a +7 vampiric short sword.
* * * LOW HITPOINT WARNING * * *
You feel less confused.
You barely miss something. Your headbutt misses something.
You block Duvessa's attack. Dowan hits you with a +0 dagger.
* * * LOW HITPOINT WARNING * * *
Duvessa barely misses you. Something hits you but does no damage.
You claw Dowan! Your headbutt misses Dowan.
Dowan is severely wounded.
Duvessa hits you with a +7 vampiric short sword!
* * * LOW HITPOINT WARNING * * *
Dowan casts a spell.
Dowan blinks!
You block something's attack.
As you read the scroll of teleportation, it crumbles to dust.
You feel strangely unstable.
Duvessa hits you with a +7 vampiric short sword.
* * * LOW HITPOINT WARNING * * *
Dowan gestures at you while chanting. You resist with some effort.
You block Duvessa's attack.
You hear some strange, mumbled words.
You are confused.
You bump into the rock wall.
Duvessa completely misses you. Something hits you but does no damage.
Something hits you but does no damage. Duvessa attacks as you move away!
Duvessa hits you with a +7 vampiric short sword!
You die...

#.# #..... #####..
##..... #.....# .......
#.###.. #...... #.# #.#
#...... #.# #.# #..e..
#.# #.# ##.#...##### #.#
#.# .......@e..# #.# #.#
.......§...# #.###.#
.≈~≈.......# #......
≈≈~≈≈......###########.#
~~♣~~...<.....!.......!#
≈≈~≈≈......#......######
.≈~≈...♣##.######.# .
......♣ ### #... . ..♣
###.# .#


You could see Duvessa (fast) and Dowan.

Vanquished Creatures
  A steam dragon (D:6)
  A water moccasin (D:5)
  An ice beast (D:6)
  A black bear (D:5)
  Pargi (Sewer)
  A phantom (D:4)
  Blork the orc (D:6)
  4 scorpions
  A vampire bat (D:3)
  A howler monkey (D:5)
  2 jellies (D:4)
  A hound (D:6)
  An orc priest (D:4)
  A gnoll bouda (D:4)
  2 iguanas (D:5)
  2 orc wizards (D:4)
  Natasha (thrice) (D:2)
  Robin (D:2)
  6 adders
  3 gnolls (D:4)
  A shadow imp (D:5)
  4 worms
  2 dart slugs
  8 orcs
  6 ball pythons
  6 endoplasms
  5 giant cockroaches
  13 goblins
  13 hobgoblins
  3 jackals (D:3)
  3 quokkas
  9 bats
  10 frilled lizards
  9 kobolds
  5 rats
132 creatures vanquished.

Notes
Turn   | Place    | Note
-------+----------+-------------------------------------------
     0 | D:1      | booth the Troll Fighter began the quest for the Orb.
     0 | D:1      | Reached XP level 1. HP: 22/22 MP: 0/0
   160 | D:1      | Reached XP level 2. HP: 29/29 MP: 1/1
   829 | D:2      | Noticed Natasha
   835 | D:2      | Killed Natasha
   836 | D:2      | Reached skill level 3 in Unarmed Combat
   836 | D:2      | Reached XP level 3. HP: 36/36 MP: 2/2
   919 | D:2      | Noticed Robin
   971 | D:2      | Reached XP level 4. HP: 45/45 MP: 3/3
  1138 | D:2      | Killed Robin
  1139 | D:2      | Reached skill level 4 in Unarmed Combat
  1144 | D:2      | Noticed Natasha
  1148 | D:2      | Killed Natasha
  1178 | D:2      | Noticed Natasha
  1183 | D:2      | Killed Natasha
  1184 | D:2      | Reached XP level 5. HP: 48/53 MP: 4/4
  1347 | D:2      | You fall into a shaft and drop 1 floor!
  1501 | D:2      | Gained mutation: You are covered in thick fur. (AC +2)
                  | [potion of mutation]
  1501 | D:2      | Gained mutation: You are agile. (Dex +4, Str/Int -1)
                  | [potion of mutation]
  1501 | D:2      | Gained mutation: You have a pair of small horns on your
                  | head. [potion of mutation]
  1620 | D:3      | Found a shimmering blue altar of Sif Muna.
  1723 | D:3      | Found a faded altar of an unknown god.
  1975 | D:3      | Reached skill level 1 in Throwing
  1975 | D:3      | Reached skill level 5 in Unarmed Combat
  2200 | D:4      | Reached XP level 6. HP: 55/62 MP: 5/5
  2341 | D:4      | Found Quojag's General Store.
  2362 | D:4      | Bought a scroll of identify for 26 gold pieces
  2657 | D:4      | Found a broken altar of Ashenzari.
  2775 | D:4      | Reached skill level 6 in Unarmed Combat
  2775 | D:4      | Reached XP level 7. HP: 69/70 MP: 6/6
  3268 | D:4      | Identified a scroll of acquirement
  3268 | D:4      | Acquired the +0 kite shield "Pouth" {rC+}
  3331 | D:5      | Entered Level 5 of the Dungeon
  3425 | D:5      | Found a glowing drain.
  3437 | Sewer    | Entered a sewer
  3443 | Sewer    | Noticed Pargi
  3449 | Sewer    | Killed Pargi
  3627 | D:5      | Reached skill level 7 in Unarmed Combat
  3706 | D:5      | Reached XP level 8. HP: 20/79 MP: 7/7
  3938 | D:5      | Found an ornate altar of the Wu Jian Council.
  4053 | D:5      | Found a staircase to the Ecumenical Temple.
  4068 | Temple   | Entered the Ecumenical Temple
  4849 | D:6      | Reached skill level 5 in Fighting
  4942 | D:6      | Found an iron altar of Okawaru.
  4987 | D:6      | Reached skill level 8 in Unarmed Combat
  5010 | D:6      | Noticed Blork the orc
  5014 | D:6      | Noticed Duvessa
  5020 | D:6      | Noticed Dowan
  5021 | D:6      | Killed Blork the orc
  5036 | D:6      | HP: 4/80 [Duvessa/+7 vampiric short sword (10)]
  5037 | D:6      | HP: 1/80 [Duvessa/+7 vampiric short sword (5)]
  5039 | D:6      | Mangled by Duvessa

Illustrated notes

Levels and vault maps discovered:
D:1:      amcnicky_arrival_underground_garden, layout_loops_ring,
          chequers_serial_rivers_marsh, minmay_pentomino_z2
D:2:      layout_rooms, due_unseen_surprise, uniq_natasha, uniq_robin
D:3:      layout_rooms, mainiacjoe_overflow_cross_hatched,
          hellmonk_ecumenical_altar_dog_temple, grunt_ministairs_8,
          chequers_serial_rivers_large_b, roderic_batcave
D:4:      layout_loops_corners, kennysheep_mini_moat, serial_shops, shop,
          bh_walls_and_bars
D:5:      layout_loops_ring, mainiacjoe_overflow_paths,
          minmay_temple_entry_drinking_statues, gup_sewer_entry_bubbles,
          minmay_lizard_king
D:6:      layout_basic, mainiacjoe_overflow_catwalk, okawaru_metal_pillars_1_2,
          elyvilon_altar_3, minmay_holes, nicolae_figureground_pulse,
          uniq_duvessa, uniq_pikel, uniq_blork_the_orc
Temple:   grunt_temple_mini_profane

Skill      XL: |  1  2  3  4  5  6  7  8 |
---------------+-------------------------+-----
Unarmed Combat | 3 4 5 6 7 8 |  8.1
Fighting       | 3 4 5 |  5.2
Throwing       | 1 2 3 4 |  4.0
Dodging        | |  2.4
Shields        | |  2.6

Action                     |  1- 3 |  4- 6 |  7- 9 || total
---------------------------+-------+-------+-------++-------
  Melee: Unarmed           |    48 |   165 |   135 ||   348
         Headbutt          |       |    12 |    24 ||    36
  Throw: Throwing net      |     1 |     1 |       ||     2
         Boomerang         |       |       |    10 ||    10
    Use: Scroll            |     2 |     4 |     3 ||     9
         Potion            |     1 |     1 |     2 ||     4
   Stab: Sleeping          |       |       |     2 ||     2
 Armour: Robe              |     5 |    60 |    71 ||   136
         Skin              |       |     7 |       ||     7
  Dodge: Dodged            |     8 |    51 |    53 ||   112
  Block: Kite shield       |    13 |    62 |    52 ||   127
